 Dungeon Sprint DCSS version 0.27.1 (webtiles) character file.

Game seed: 16776050497199351937

11 JuniperTheExplorer the Skirmisher (level 2, 0/23 (25) HPs)
             Began as a Merfolk Fighter on Aug 27, 2021.
             Slain by a hell rat (14 damage)
             ... in the Dungeon (Sprint II: "The Violet Keep of Menkaure").
             The game lasted 00:00:43 (48 turns).

JuniperTheExplorer the Skirmisher (Merfolk Fighter)   Turns: 48, Time: 00:00:43

HP:   0/23 (25)     AC:  6    Str: 16    XL:     2   Next: 29%
MP:   2/2           EV:  9    Int:  7    God:
Gold: 243           SH:  9    Dex: 13    Spells: 1/1 levels left

rFire    . . .     SeeInvis .   a - +0 trident
rCold    . . .     Faith    .   c - +0 kite shield
rNeg     . . .     Spirit   .   b - +0 scale mail
rPois    .         Reflect  .   (no helmet)
rElec    .         Harm     .   (no cloak)
rCorr    .         Rampage  .   (no gloves)
Will     .....     NoTele   +   (boots currently unavailable)
Stlth    +.........             (no amulet)
HPRegen  0.07/turn              (no ring)
MPRegen  0.08/turn              (no ring)

@: mighty, drained, very quick
A: nimble swimmer 2, mertail
a: no special abilities


You were in the Dungeon.
You visited 1 branch You collected 243 gold pieces.

Inventory:

Hand Weapons
 a - a +0 trident (weapon)
Armour
 b - a +0 scale mail (worn)
 c - a +0 kite shield (worn)
Scrolls
 j - a scroll of blinking
Potions
 g - a potion of haste
 h - 2 potions of magic
 i - a potion of berserk rage


   Skills:
 + Level 4.2 Fighting
 + Level 3.6 Polearms
 + Level 2.8 Armour
 + Level 3.8 Shields


You had one spell level left.
You didn't know any spells.
Your spell library was empty.

Dungeon Overview and Level Annotations

Branches:
Dungeon (1/1)

Altars:

Shops:
D ?!!(?:[(

Annotations:
D Roxanne


Innate Abilities, Weirdness & Mutations

You are quick and stealthy near water. (Stealth+, EV+, Speed+++)
Your lower body shifts to a powerful aquatic tail in water.


Message History

The worm is heavily wounded.
The worm completely misses you.
You puncture the worm!
The worm is almost dead.
You puncture the worm!
You kill the worm!
There is an open door here.
Your legs become a tail as you enter the water.
Found Liagaonk's Antique Weapon Shop.
Found Ilaczaf's Book Boutique and Toaj's Antique Armour Boutique.
Found Gijoy's Antique Weapon Shop and Tatig's Magic Scroll Shop.
Found Hobuddoa's Distillery and Quachid's Distillery.
Found Veasyfis's Magic Scroll Shop.
As you open the door, it creaks loudly!
A hell rat comes into view.
The hell rat twitches its whiskers.
The hell rat bites you!
You feel drained.
Found 5 gold pieces.
You barely miss the hell rat. The hell rat closely misses you.
You hit the hell rat.
The hell rat is lightly wounded.
The hell rat bites you but does no damage.
You block the hell rat's attack.
You closely miss the hell rat.
The hell rat is lightly wounded.
The hell rat bites you!
* * * LOW HITPOINT WARNING * * *
You block the hell rat's attack.
You feel much better. The hell rat barely misses you.
You barely miss the hell rat.
The hell rat is lightly wounded.
You block the hell rat's attack. x2
You hit the hell rat but do no damage.
The hell rat is lightly wounded.
You block the hell rat's attack.
You puncture the hell rat!
The hell rat is heavily wounded.
The hell rat bites you! x2
Ouch! That really hurt!
You die...

∩.∩..#≈ # .∩.∩
#≈##. #+#
..∩.∩#≈#..B##.##
...∩.+≈ #+.<.+
...∩#≈#$.B##.##
###≈##. #†##
#≈≈#####..##
#@≈≈#.##..# ≈
#r#≈##.#.## ≈≈≈
#$#≈≈##'##≈≈≈≈≈
####≈≈≈≈≈≈≈≈≈≈§
#+++#+++#≈≈≈
≈≈§§ ≈≈≈≈.§§
≈§§8≈§≈§§+
≈§≈§≈§§≈§##


You could see a hell rat.

Vanquished Creatures
  3 worms (D)
3 creatures vanquished.

Notes
Turn   | Place    | Note
-------+----------+-------------------------------------------
     0 | D        | JuniperTheExplorer the Merfolk Fighter began the quest for
                  | the Orb.
     0 | D        | Reached XP level 1. HP: 18/18 MP: 1/1
     1 | D        | Noticed a boulder beetle
     1 | D        | Noticed a boulder beetle
    16 | D        | Reached skill level 4 in Fighting
    16 | D        | Reached XP level 2. HP: 25/25 MP: 2/2
    22 | D        | Identified Roxanne's Tome of Stones
    22 | D        | Noticed Roxanne
    33 | D        | Found Liagaonk's Antique Weapon Shop.
    35 | D        | Found Ilaczaf's Book Boutique.
    35 | D        | Found Toaj's Antique Armour Boutique.
    37 | D        | Found Gijoy's Antique Weapon Shop.
    37 | D        | Found Tatig's Magic Scroll Shop.
    39 | D        | Found Hobuddoa's Distillery.
    39 | D        | Found Quachid's Distillery.
    40 | D        | Found Veasyfis's Magic Scroll Shop.
    48 | D        | Slain by a hell rat

Illustrated notes

Levels and vault maps discovered:
D:        the_violet_keep_of_menkaure [sprint2_stairs_cluster_1,
          sprint2_shoproom, sprint2_temple, sprint2_basic_supplies,
          sprint2_obstacle_6, sprint2_obstacle_5, sprint2_obstacle_2,
          sprint2_obstacle_7, sprint2_obstacle_1, sprint2_timed_cluster_1,
          sprint2_smallroom_cluster_1, sprint2_smallroom_final_cluster_1,
          sprint2_transparent_cluster_1, sprint2_second_timed_cluster_1,
          sprint2_sniper_area_1, sprint2_heavy_combat_area_1,
          sprint2_mutation_trap_area_1, sprint2_forest_area_1,
          sprint2_light_combat_area_1, sprint2_behind_water_1,
          sprint2_near_end_vault_1]

Skill      XL: |  1 |
---------------+----+-----
Fighting       | 4 |  4.2
Polearms       | |  3.6
Armour         | |  2.8
Shields        | |  3.8

Action                   || total
-------------------------++-------
Melee: Trident           ||    15
  Use: Potion            ||     3
Armor: Scale mail        ||     2
Dodge: Dodged            ||     5
Block: Kite shield       ||     5
